[Event "RUS-ch Boys U21 2021"]
[Site "Loo"]
[Date "2021.04.26"]
[Round "6.5"]
[White "Pavlov, Danila"]
[Black "Makoveev, Ilya"]
[Result "1-0"]
[ECO "B90"]
[WhiteElo "2360"]
[BlackElo "2315"]
[Annotator "NA"]
[PlyCount "78"]
[EventDate "2021.04.21"]
[EventType "swiss"]
[EventCountry "RUS"]
[SourceTitle "playchess.com"]
[Source "ChessBase"]
[SourceQuality "1"]
[TimeControl "40/5400+30:1800+30"]

1. e4 c5 2. Nf3 d6 3. d4 cxd4 4. Nxd4 Nf6 5. Nc3 a6 6. Be3 e5 7. Nb3 Be6 8. h3 Be7 9. f4 b5 10. Qf3 O-O 11. O-O-O Nc6 12. g4 Rc8 13. Kb1 Nb4 14. fxe5 Nd7 15. exd6 Bf6 16. Bd4 Nxc2 17. Bxf6 Nxf6 18. e5 Nd7 19. Nd5 Bxd5 20. Rxd5 Nb4 21. Rd1 Nxe5 22. Qf4 Nc4 23. a3 Nc2 24. Bxc4 Rxc4 25. Qf2 Qg5 26. Rd3 Qg6 27. Qf5 Qh6 28. d7 Rd8 29. Rf1 f6 30. Rc1 Nd4 31. Rxd4 Qxc1+ 32. Nxc1 Rxd4 33. Qe6+ Kf8 34. Qxa6 b4 35. axb4 R8xd7 36. Nb3 Rd1+ 37. Ka2 R1d6 38. Qa5 Rd5 39. Nc5 Rxc5 1-0

[Event "RUS-ch Boys U21 2021"]
[Site "Loo"]
[Date "2021.04.26"]
[Round "6.6"]
[White "Akhtariev, Andrey"]
[Black "Nesterov, Arseniy"]
[Result "0-1"]
[ECO "B13"]
[WhiteElo "2190"]
[BlackElo "2482"]
[Annotator "ChessBase"]
[PlyCount "138"]
[EventDate "2021.04.21"]
[EventType "swiss"]
[EventCountry "RUS"]
[SourceTitle "playchess.com"]
[Source "ChessBase"]
[SourceQuality "1"]
[TimeControl "40/5400+30:1800+30"]

1. e4 c6 2. d4 d5 3. exd5 cxd5 4. Bd3 Nc6 5. c3 Qc7 6. h3 e6 7. Nf3 Bd6 8. O-O Nge7 9. Re1 Bd7 10. Nbd2 O-O 11. Qe2 f6 12. c4 dxc4 13. Bxc4 Nd5 14. Ne4 Rac8 15. Nxd6 Qxd6 16. Bd2 Nce7 17. Rac1 Rc6 18. Bb3 Rfc8 19. Qe4 Rxc1 20. Rxc1 Rxc1+ 21. Bxc1 Bc6 22. Bd2 Ng6 23. Qg4 Ngf4 24. Ne1 g5 25. Qf3 Kg7 26. Nd3 Ng6 27. Qg4 b6 28. Qg3 Qd7 29. Qg4 a5 30. Bc4 Bb5 31. b3 Qc6 32. Bxb5 Qxb5 33. Qe2 Qc6 34. Ne1 Nh4 35. Qe4 Qd7 36. g3 Nf5 37. h4 h6 38. h5 Nde7 39. Nc2 Nd6 40. Qe2 Nef5 41. a4 Qc6 42. Qd3 Ne7 43. Bc1 Ndf5 44. Bd2 Qd5 45. Bc1 Kf7 46. Ba3 Nc6 47. g4 Ncxd4 48. Ne1 Ng7 49. Bb2 e5 50. Qg6+ Kg8 51. Bxd4 Qxd4 52. Qxf6 Qxg4+ 53. Kf1 Qh3+ 54. Kg1 Qe6 55. Qd8+ Kh7 56. Qd3+ e4 57. Qe2 g4 58. Ng2 Nxh5 59. Qb5 Ng7 60. Ne3 h5 61. b4 axb4 62. Qxb4 Qg6 63. Kg2 Ne6 64. Nd5 Qf5 65. Qe7+ Kh6 66. Nxb6 e3 67. fxe3 Qf3+ 68. Kg1 Qxe3+ 69. Kh1 Qe1+ 0-1

[Event "RUS-ch Boys U21 2021"]
[Site "Loo"]
[Date "2021.04.26"]
[Round "6.7"]
[White "Makovich, Andrey"]
[Black "Makarian, Rudik"]
[Result "1/2-1/2"]
[ECO "B06"]
[WhiteElo "2171"]
[BlackElo "2468"]
[Annotator "ChessBase"]
[PlyCount "119"]
[EventDate "2021.04.21"]
[EventType "swiss"]
[EventCountry "RUS"]
[SourceTitle "playchess.com"]
[Source "ChessBase"]
[SourceQuality "1"]
[TimeControl "40/5400+30:1800+30"]

1. d4 g6 2. Nf3 Bg7 3. e4 d6 4. c3 Nd7 5. Bc4 e6 6. Qe2 b6 7. Bg5 Ne7 8. h4 h6 9. Bf4 a6 10. Nbd2 Bb7 11. a4 Nf6 12. Bd3 Qd7 13. e5 Nfd5 14. Bh2 O-O 15. Ne4 f5 16. exf6 Nxf6 17. O-O Nh5 18. Rae1 Qxa4 19. Ned2 Qd7 20. Qxe6+ Qxe6 21. Rxe6 Nd5 22. Bc4 Kf7 23. Rfe1 Rae8 24. Rxe8 Rxe8 25. Kf1 Nhf6 26. Rxe8 Kxe8 27. Ne1 b5 28. Bd3 Kf7 29. Nc2 Nb6 30. b3 Nfd5 31. c4 bxc4 32. bxc4 Ne7 33. Nb3 Bf6 34. c5 Na4 35. cxd6 cxd6 36. Na5 Nb2 37. Bxg6+ Kxg6 38. Nxb7 Nf5 39. d5 Nc4 40. g4 Nxh4 41. Nxd6 Nb6 42. Ne3 Nf3 43. Bg3 a5 44. Ndc4 Nxc4 45. Nxc4 a4 46. Bd6 Nd4 47. f4 Nb5 48. Bb4 Kf7 49. Kf2 Nc7 50. d6 Nd5 51. Bd2 Nb6 52. Nxb6 a3 53. d7 a2 54. Bc3 Bxc3 55. d8=Q a1=Q 56. Qd7+ Kf8 57. Qd6+ Kf7 58. Qd5+ Kf8 59. Nd7+ Ke7 60. Ne5 1/2-1/2

[Event "RUS-ch Boys U21 2021"]
[Site "Loo"]
[Date "2021.04.26"]
[Round "6.8"]
[White "Shubin, Kirill"]
[Black "Marchuk, Rostislav"]
[Result "1-0"]
[ECO "B00"]
[WhiteElo "2466"]
[BlackElo "2080"]
[Annotator "ChessBase"]
[PlyCount "43"]
[EventDate "2021.04.21"]
[EventType "swiss"]
[EventCountry "RUS"]
[SourceTitle "playchess.com"]
[Source "ChessBase"]
[SourceQuality "1"]
[TimeControl "40/5400+30:1800+30"]

1. e4 d6 2. d4 Nf6 3. f3 Nbd7 4. Ne2 e5 5. c4 c6 6. Nbc3 Be7 7. Be3 O-O 8. d5 a6 9. Ng3 Ne8 10. Qd2 g6 11. Bd3 Ng7 12. O-O h5 13. b4 h4 14. Nge2 f5 15. c5 f4 16. cxd6 Bxd6 17. dxc6 Bxb4 18. cxd7 fxe3 19. dxc8=Q Rxc8 20. Qc2 Bxc3 21. Nxc3 e2 22. Qb3+ 1-0

[Event "RUS-ch Boys U21 2021"]
[Site "Loo"]
[Date "2021.04.26"]
[Round "6.9"]
[White "Zhafyarov, Adel"]
[Black "Pogosyan, Stefan"]
[Result "1/2-1/2"]
[ECO "A80"]
[WhiteElo "2252"]
[BlackElo "2444"]
[Annotator "NA"]
[PlyCount "150"]
[EventDate "2021.04.21"]
[EventType "swiss"]
[EventCountry "RUS"]
[SourceTitle "playchess.com"]
[Source "ChessBase"]
[SourceQuality "1"]
[TimeControl "40/5400+30:1800+30"]

1. d4 f5 2. Bf4 Nf6 3. e3 g6 4. Nf3 Bg7 5. h4 O-O 6. Nc3 c5 7. h5 cxd4 8. h6 Bh8 9. exd4 d5 10. Nb5 Nc6 11. Be2 a6 12. Nc7 e5 13. dxe5 Qxc7 14. exf6 Qxf4 15. Qxd5+ Rf7 16. Bc4 Qe4+ 17. Qxe4 fxe4 18. Ng5 Ne5 19. Nxf7 Nxf7 20. O-O-O Bxf6 21. Kb1 Kf8 22. Bd5 Bf5 23. f3 exf3 24. Bxf3 Rc8 25. Rd2 Ne5 26. Bxb7 Nc4 27. Bxc8 Nxd2+ 28. Kc1 Bxc8 29. Kxd2 Bxb2 30. Rh4 Bf6 31. Rc4 Bd7 32. Rc7 Ke7 33. Ra7 Bg5+ 34. Ke1 Bxh6 35. Rxa6 Be3 36. c3 Be6 37. g3 h5 38. a4 Kd7 39. a5 Bc5 40. Ra8 Bd6 41. Kf2 Kc6 42. a6 Bf5 43. Kf3 Bc5 44. Rb8 Bg4+ 45. Kg2 Be6 46. Rb7 g5 47. Rg7 g4 48. Kh2 Bc8 49. Rg6+ Kc7 50. Rh6 Be3 51. Rh7+ Kb6 52. a7 Bb7 53. Rxh5 Kxa7 54. Re5 Bf2 55. Rf5 Be1 56. Rf4 Bc8 57. Re4 Bf2 58. Rf4 Bc5 59. Rf6 Bb7 60. Rf4 Bc8 61. Rf6 Kb7 62. Rg6 Kc7 63. Rg8 Be6 64. Rg6 Kd6 65. Rg5 Be3 66. Rg7 Bd2 67. c4 Be3 68. Rg6 Ke5 69. Rg7 Bh6 70. Rh7 Bf8 71. Rh8 Bc5 72. Re8 Kf6 73. Ra8 Ke5 74. Re8 Bd6 75. Kg2 Bc5 1/2-1/2

[Event "RUS-ch Boys U21 2021"]
[Site "Loo"]
[Date "2021.04.26"]
[Round "6.10"]
[White "Koliev, Irlan"]
[Black "Marchenko, Nikolay"]
[Result "1/2-1/2"]
[ECO "D30"]
[WhiteElo "2023"]
[BlackElo "2062"]
[Annotator "NA"]
[PlyCount "153"]
[EventDate "2021.04.21"]
[EventType "swiss"]
[EventCountry "RUS"]
[SourceTitle "playchess.com"]
[Source "ChessBase"]
[SourceQuality "1"]
[TimeControl "40/5400+30:1800+30"]

1. d4 d5 2. c4 e6 3. g3 c5 4. Nf3 Nc6 5. Bg2 Nf6 6. cxd5 exd5 7. O-O cxd4 8. Nxd4 Bc5 9. Nxc6 bxc6 10. Qc2 Bb6 11. Qxc6+ Bd7 12. Qd6 Bc7 13. Qa3 h5 14. Bg5 h4 15. Nc3 hxg3 16. hxg3 Be6 17. Rfd1 Bb6 18. Nxd5 Bxd5 19. Rxd5 Nxd5 20. Bxd8 Rxd8 21. Rd1 Rh5 22. Bf3 Rg5 23. Qa4+ Kf8 24. Qb5 a6 25. Qc6 Rxg3+ 26. Kh2 Rg6 27. Qc4 Bc7+ 28. Qxc7 Nxc7 29. Rxd8+ Ke7 30. Rb8 Rg5 31. Be4 a5 32. a4 Rc5 33. f3 f5 34. Bd3 f4 35. Kh3 Rg5 36. Rb7 Kd6 37. Kh4 Rg2 38. Ra7 Ne6 39. Rxa5 g5+ 40. Kh5 g4 41. Ra6+ Ke7 42. Rxe6+ Kxe6 43. fxg4 Kf6 44. g5+ Rxg5+ 45. Kh4 Ra5 46. Bb5 Ra8 47. Kg4 Ke5 48. Kf3 Rb8 49. b3 Rb7 50. Bc4 Ra7 51. Kg4 Ke4 52. Kg5 Ra8 53. Kf6 Ke3 54. Ke5 Rc8 55. Bb5 Rc5+ 56. Kd6 Rc3 57. b4 Rb3 58. Kc5 Rc3+ 59. Kb6 Rb3 60. a5 Rxb4 61. a6 Rxb5+ 62. Kxb5 Kxe2 63. a7 f3 64. a8=Q f2 65. Qe4+ Kd1 66. Qd3+ Ke1 67. Qe3+ Kf1 68. Kc4 Kg2 69. Qe2 Kg1 70. Qg4+ Kh2 71. Qh4+ Kg2 72. Qg4+ Kh2 73. Qf4+ Kg2 74. Qg4+ Kh2 75. Qf3 Kg1 76. Qg3+ Kh1 77. Qxf2 1/2-1/2

[Event "RUS-ch Boys U21 2021"]
[Site "Loo"]
[Date "2021.04.26"]
[Round "6.11"]
[White "Babanin, Gleb"]
[Black "Sidorov, Dmitry I"]
[Result "1/2-1/2"]
[ECO "A53"]
[WhiteElo "2123"]
[BlackElo "2139"]
[Annotator "NA"]
[PlyCount "83"]
[EventDate "2021.04.21"]
[EventType "swiss"]
[EventCountry "RUS"]
[SourceTitle "playchess.com"]
[Source "ChessBase"]
[SourceQuality "1"]
[TimeControl "40/5400+30:1800+30"]

1. d4 Nf6 2. c4 d6 3. Nc3 Bf5 4. f3 e5 5. e4 exd4 6. Qxd4 Be6 7. Be3 g6 8. Qd2 Bg7 9. b3 O-O 10. Nge2 c6 11. Nd4 d5 12. e5 Ne8 13. f4 Nc7 14. Nxe6 fxe6 15. h4 Nd7 16. O-O-O a5 17. h5 a4 18. hxg6 hxg6 19. Bd3 axb3 20. axb3 Qe7 21. Bxg6 Rfd8 22. cxd5 Nxd5 23. Nxd5 cxd5 24. Qb2 Ra3 25. Kb1 Rda8 26. Bd4 Qb4 27. Rh3 Nc5 28. Bh7+ Kf7 29. Bc2 Nd7 30. f5 Nb6 31. Qc3 Ra1+ 32. Qxa1 Rxa1+ 33. Kxa1 exf5 34. Bxf5 Nc4 35. bxc4 Qa4+ 36. Kb2 Qxd1 37. e6+ Kf8 38. e7+ Kxe7 39. Bxg7 Qe2+ 40. Bc2 Qxg2 41. Re3+ Kd7 42. Bd4 1/2-1/2

[Event "RUS-ch Boys U21 2021"]
[Site "Loo"]
[Date "2021.04.26"]
[Round "6.12"]
[White "Shpakov, Vladimir"]
[Black "Kyshtymov, Daniil"]
[Result "0-1"]
[ECO "E61"]
[WhiteElo "1871"]
[BlackElo "2137"]
[Annotator "NA"]
[PlyCount "60"]
[EventDate "2021.04.21"]
[EventType "swiss"]
[EventCountry "RUS"]
[SourceTitle "playchess.com"]
[Source "ChessBase"]
[SourceQuality "1"]
[TimeControl "40/5400+30:1800+30"]

1. d4 Nf6 2. c4 g6 3. Nc3 Bg7 4. Nf3 O-O 5. e4 d6 6. Bd3 Nbd7 7. O-O e5 8. d5 a5 9. Ne1 Nc5 10. f4 exf4 11. Bxf4 Ng4 12. Bc2 a4 13. a3 Ne5 14. Bxe5 Bxe5 15. Nf3 Bg7 16. h3 Bd7 17. Qd2 Qb8 18. Nd4 Qa7 19. Rad1 Qb6 20. Nce2 Rfe8 21. Qf4 Re7 22. Kh1 Qxb2 23. Rf3 Rae8 24. h4 h5 25. Bb1 Bg4 26. Rf2 Qxa3 27. Rdf1 Nd3 28. Bxd3 Qxd3 29. Qg5 Qxe4 30. Rf4 Qe5 0-1

[Event "RUS-ch Boys U21 2021"]
[Site "Loo"]
[Date "2021.04.27"]
[Round "7.1"]
[White "Murzin, Volodar"]
[Black "Dudin, Gleb"]
[Result "1/2-1/2"]
[ECO "C78"]
[WhiteElo "2478"]
[BlackElo "2418"]
[Annotator "ChessBase"]
[PlyCount "93"]
[EventDate "2021.04.21"]
[EventType "swiss"]
[EventCountry "RUS"]
[SourceTitle "playchess.com"]
[Source "ChessBase"]
[SourceQuality "1"]
[TimeControl "40/5400+30:1800+30"]

1. e4 e5 2. Nf3 Nc6 3. Bb5 a6 4. Ba4 Nf6 5. O-O b5 6. Bb3 Bb7 7. d3 Be7 8. Nc3 O-O 9. a3 Nd4 10. Ba2 Nxf3+ 11. Qxf3 d6 12. Be3 Kh8 13. Rad1 Qd7 14. d4 exd4 15. Bxd4 Rae8 16. Nd5 Nxd5 17. Bxd5 Bxd5 18. exd5 f5 19. Rfe1 Bf6 20. Bxf6 Rxf6 21. Rxe8+ Qxe8 22. Kf1 h6 23. Re1 Qf7 24. g3 f4 25. g4 Qg6 26. Re4 Rf8 27. h3 Qf6 28. c3 Qg5 29. Re6 Kg8 30. Ke1 h5 31. Kf1 hxg4 32. hxg4 Rb8 33. Ke2 Rf8 34. Kd3 Qh4 35. Kc2 Qg5 36. Kb3 a5 37. Ka2 Ra8 38. Kb1 b4 39. Kc2 bxa3 40. bxa3 Rb8 41. c4 Qd8 42. Qc3 Qh4 43. Qf3 Qd8 44. Qc3 Qh4 45. Qf3 Qd8 46. Qc3 c6 47. Rg6 1/2-1/2

[Event "RUS-ch Boys U21 2021"]
[Site "Loo"]
[Date "2021.04.27"]
[Round "7.2"]
[White "Tsvetkov, Andrey"]
[Black "Golikov, Daniil"]
[Result "0-1"]
[ECO "E46"]
[WhiteElo "2404"]
[BlackElo "2250"]
[Annotator "NA"]
[PlyCount "56"]
[EventDate "2021.04.21"]
[EventType "swiss"]
[EventCountry "RUS"]
[SourceTitle "playchess.com"]
[Source "ChessBase"]
[SourceQuality "1"]
[TimeControl "40/5400+30:1800+30"]

1. d4 Nf6 2. c4 e6 3. Nc3 Bb4 4. e3 O-O 5. Bd2 d5 6. Nf3 b6 7. cxd5 exd5 8. Rc1 Bb7 9. Bd3 a6 10. Ne5 Nbd7 11. O-O Nxe5 12. dxe5 Nd7 13. f4 Nc5 14. Bxh7+ Kxh7 15. Qh5+ Kg8 16. Rf3 f6 17. Rh3 fxe5 18. fxe5 Ne6 19. Qh7+ Kf7 20. Rh6 Qg5 21. Rf1+ Ke7 22. Rff6 Rh8 23. Rxe6+ Kd7 24. Qg6 gxh6 25. Qf7+ Kc8 26. e4 Qd8 27. exd5 Bxc3 28. d6 Bd4+ 0-1

[Event "RUS-ch Boys U21 2021"]
[Site "Loo"]
[Date "2021.04.27"]
[Round "7.3"]
[White "Nesterov, Arseniy"]
[Black "Pavlov, Danila"]
[Result "1/2-1/2"]
[ECO "E73"]
[WhiteElo "2482"]
[BlackElo "2360"]
[Annotator "ChessBase"]
[PlyCount "127"]
[EventDate "2021.04.21"]
[EventType "swiss"]
[EventCountry "RUS"]
[SourceTitle "playchess.com"]
[Source "ChessBase"]
[SourceQuality "1"]
[TimeControl "40/5400+30:1800+30"]

1. d4 Nf6 2. c4 g6 3. Nc3 Bg7 4. e4 d6 5. Be2 O-O 6. Be3 e5 7. d5 Na6 8. g4 Nc5 9. f3 a5 10. h4 h5 11. g5 Nh7 12. Qd2 f6 13. gxf6 Bxf6 14. O-O-O Bxh4 15. Nh3 Kh8 16. Rdg1 Bxh3 17. Rxh3 Rg8 18. f4 exf4 19. Bxf4 Bf6 20. Rhg3 g5 21. Bxh5 gxf4 22. Rxg8+ Qxg8 23. Rxg8+ Rxg8 24. Kc2 Be5 25. Qf2 Rg3 26. Ne2 Nxe4 27. Qf1 Rg7 28. Bf3 Ng3 29. Qh3 Nxe2 30. Bxe2 Re7 31. Bd3 Kg8 32. Qg4+ Kf8 33. Qc8+ Kg7 34. Qxb7 Rf7 35. Qc8 Nf6 36. Qh3 Ng8 37. Be4 Nf6 38. Bf3 Nd7 39. Bh5 Re7 40. Qf5 Nf6 41. Bf3 Re8 42. b3 Rh8 43. Kd3 Rh2 44. Qc8 Rxa2 45. Qxc7+ Kg6 46. c5 Rb2 47. c6 Rxb3+ 48. Ke2 Rb2+ 49. Kd1 Rb3 50. Qxa5 Rxf3 51. c7 Rd3+ 52. Ke2 Re3+ 53. Kd1 Rd3+ 54. Kc2 Rxd5 55. Qxd5 Nxd5 56. c8=Q Nf6 57. Kd3 Nh7 58. Qg8+ Kh6 59. Qe6+ Kh5 60. Qh3+ Kg6 61. Qh4 Ng5 62. Ke2 Kf5 63. Qh5 Bd4 64. Kd3 1/2-1/2

[Event "RUS-ch Boys U21 2021"]
[Site "Loo"]
[Date "2021.04.27"]
[Round "7.5"]
[White "Obgolts, Erik"]
[Black "Shubin, Kirill"]
[Result "0-1"]
[ECO "B32"]
[WhiteElo "2414"]
[BlackElo "2466"]
[Annotator "RC"]
[PlyCount "68"]
[EventDate "2021.04.21"]
[EventType "swiss"]
[EventCountry "RUS"]
[SourceTitle "playchess.com"]
[Source "ChessBase"]
[SourceQuality "1"]
[TimeControl "40/5400+30:1800+30"]

1. e4 c5 2. Nf3 Nc6 3. d4 cxd4 4. Nxd4 Qb6 5. Nb3 Nf6 6. Nc3 e6 7. Be3 Qc7 8. a3 a6 9. f4 d6 10. Bd3 b5 11. Qe2 Be7 12. O-O Bb7 13. Rae1 O-O 14. g4 Nd7 15. Qf2 b4 16. axb4 Nxb4 17. g5 Nc5 18. Nxc5 dxc5 19. Bc4 Rad8 20. b3 Rd4 21. Bxd4 cxd4 22. Na4 Kh8 23. Nb2 f5 24. gxf6 gxf6 25. h3 f5 26. Bxe6 Nxc2 27. Bxf5 Nxe1 28. Rxe1 Qc3 29. Rd1 Rxf5 30. exf5 Qxh3 31. Qxd4+ Kg8 32. Qc4+ Kf8 33. Rd8+ Bxd8 34. Qb4+ Be7 0-1

[Event "RUS-ch Boys U21 2021"]
[Site "Loo"]
[Date "2021.04.27"]
[Round "7.6"]
[White "Makarian, Rudik"]
[Black "Vetokhin, Savva"]
[Result "1-0"]
[ECO "A40"]
[WhiteElo "2468"]
[BlackElo "2261"]
[Annotator "ChessBase"]
[PlyCount "63"]
[EventDate "2021.04.21"]
[EventType "swiss"]
[EventCountry "RUS"]
[SourceTitle "playchess.com"]
[Source "ChessBase"]
[SourceQuality "1"]
[TimeControl "40/5400+30:1800+30"]

1. d4 Nf6 2. c4 e6 3. g3 d5 4. Nf3 Bb4+ 5. Bd2 Be7 6. Bg2 O-O 7. Qc2 c6 8. O-O b6 9. Bf4 Nbd7 10. Nbd2 Bb7 11. e3 c5 12. dxc5 bxc5 13. cxd5 exd5 14. Nh4 g6 15. Rfd1 Re8 16. Nc4 Bc6 17. Nd6 Bxd6 18. Bxd6 Ne4 19. Bf4 g5 20. f3 gxf4 21. fxe4 fxg3 22. Nf5 dxe4 23. Rd6 Re6 24. Rxc6 Rxc6 25. Qxe4 Rf6 26. Rd1 Qf8 27. Qxa8 Rxf5 28. Rxd7 gxh2+ 29. Kxh2 Qxa8 30. Bxa8 Rf2+ 31. Kg3 Rxb2 32. Bd5 1-0

[Event "RUS-ch Boys U21 2021"]
[Site "Loo"]
[Date "2021.04.27"]
[Round "7.7"]
[White "Makoveev, Ilya"]
[Black "Makovich, Andrey"]
[Result "0-1"]
[ECO "B20"]
[WhiteElo "2315"]
[BlackElo "2171"]
[Annotator "NA"]
[PlyCount "58"]
[EventDate "2021.04.21"]
[EventType "swiss"]
[EventCountry "RUS"]
[SourceTitle "playchess.com"]
[Source "ChessBase"]
[SourceQuality "1"]
[TimeControl "40/5400+30:1800+30"]

1. e4 c5 2. b3 Nc6 3. Bb2 e5 4. f4 d6 5. Nc3 Nf6 6. Bb5 Bd7 7. Nf3 Nd4 8. Bxd7+ Qxd7 9. fxe5 Nxf3+ 10. Qxf3 dxe5 11. O-O Bd6 12. d3 Qg4 13. Qe3 b6 14. Rf5 O-O 15. Raf1 c4 16. Kh1 Bc5 17. Qd2 cxd3 18. Rxe5 Bd4 19. Rg5 Qh4 20. cxd3 Ng4 21. Qf4 h5 22. h3 f6 23. Rxg4 hxg4 24. Nd5 Bxb2 25. Ne7+ Kf7 26. Nf5 Qh7 27. e5 Kg8 28. Ne7+ Kh8 29. Qxg4 g5 0-1

[Event "RUS-ch Boys U21 2021"]
[Site "Loo"]
[Date "2021.04.27"]
[Round "7.8"]
[White "Pogosyan, Stefan"]
[Black "Koliev, Irlan"]
[Result "1-0"]
[ECO "A01"]
[WhiteElo "2444"]
[BlackElo "2023"]
[Annotator "NA"]
[PlyCount "59"]
[EventDate "2021.04.21"]
[EventType "swiss"]
[EventCountry "RUS"]
[SourceTitle "playchess.com"]
[Source "ChessBase"]
[SourceQuality "1"]
[TimeControl "40/5400+30:1800+30"]

1. b3 e5 2. Bb2 Nc6 3. e3 d5 4. Bb5 Bd6 5. Nf3 Qe7 6. d4 e4 7. Ne5 Bxe5 8. dxe5 Be6 9. Bxc6+ bxc6 10. Qd4 Qg5 11. Qc5 Ne7 12. Ba3 Bg4 13. h3 Bd7 14. Nc3 Qxe5 15. O-O-O Rd8 16. Rd4 f6 17. Rhd1 Kf7 18. Kb1 Nc8 19. Nxd5 Be8 20. Nc3 Rxd4 21. Rxd4 Qxc5 22. Bxc5 f5 23. Rd8 Nb6 24. a4 Rg8 25. a5 Nd7 26. Bxa7 Ke7 27. Rc8 Kd6 28. a6 Bf7 29. Rxg8 Bxg8 30. Bc5+ 1-0

[Event "RUS-ch Boys U21 2021"]
[Site "Loo"]
[Date "2021.04.27"]
[Round "7.9"]
[White "Kyshtymov, Daniil"]
[Black "Zhafyarov, Adel"]
[Result "0-1"]
[ECO "C42"]
[WhiteElo "2137"]
[BlackElo "2252"]
[Annotator "NA"]
[PlyCount "104"]
[EventDate "2021.04.21"]
[EventType "swiss"]
[EventCountry "RUS"]
[SourceTitle "playchess.com"]
[Source "ChessBase"]
[SourceQuality "1"]
[TimeControl "40/5400+30:1800+30"]

1. e4 e5 2. Nf3 Nf6 3. Nxe5 d6 4. Nf3 Nxe4 5. Nc3 Nf6 6. d4 Be7 7. h3 O-O 8. Be3 Re8 9. Bd3 a6 10. Qd2 Nbd7 11. g4 Nb6 12. O-O-O Be6 13. Ng5 Bc4 14. Nce4 Nxe4 15. Nxe4 d5 16. Nc5 Bxd3 17. Qxd3 Nc4 18. Bf4 b6 19. Nb3 Bg5 20. Bxg5 Qxg5+ 21. Nd2 Re6 22. b3 Nd6 23. Kb2 Qf4 24. Rhf1 Rae8 25. Nb1 b5 26. Nc3 c6 27. a3 g6 28. Qd2 Qf3 29. Qh6 a5 30. Rd3 Qg2 31. Qc1 b4 32. axb4 axb4 33. Na2 Ne4 34. f3 Nf2 35. Rd2 Re2 36. Rxe2 Rxe2 37. Nxb4 Qxh3 38. Kb1 Qxf3 39. Nxc6 Qc3 40. Ne5 Qxd4 41. Nf3 Qc3 42. Ng1 Rd2 43. Qb2 Qxb2+ 44. Kxb2 Nxg4 45. Rf3 d4 46. Nh3 Ne3 47. b4 Rxc2+ 48. Kb3 Rc3+ 49. Ka4 Nd5 50. Rxc3 dxc3 51. Nf2 f5 52. Kb5 Nf4 0-1

[Event "RUS-ch Boys U21 2021"]
[Site "Loo"]
[Date "2021.04.27"]
[Round "7.10"]
[White "Marchuk, Rostislav"]
[Black "Akhtariev, Andrey"]
[Result "1-0"]
[ECO "A46"]
[WhiteElo "2080"]
[BlackElo "2190"]
[Annotator "NA"]
[PlyCount "77"]
[EventDate "2021.04.21"]
[EventType "swiss"]
[EventCountry "RUS"]
[SourceTitle "playchess.com"]
[Source "ChessBase"]
[SourceQuality "1"]
[TimeControl "40/5400+30:1800+30"]

1. d4 Nf6 2. Nf3 e6 3. Bf4 b6 4. e3 Bb7 5. Nbd2 d6 6. a4 a5 7. Bb5+ Nbd7 8. h3 Qe7 9. O-O h6 10. Qe2 c6 11. Bc4 e5 12. dxe5 dxe5 13. Bh2 g6 14. Ba2 Ba6 15. Bc4 Bb7 16. Rfd1 Bg7 17. Ba2 e4 18. Nd4 Ne5 19. Ne6 fxe6 20. Bxe5 Nd5 21. Bxg7 Qxg7 22. Qg4 O-O-O 23. Qxe6+ Kb8 24. Bxd5 Rxd5 25. Nc4 Rhd8 26. Rxd5 Rxd5 27. c3 Ka7 28. Qxe4 Qf7 29. Qc2 c5 30. e4 Rg5 31. Qd3 Qf4 32. Re1 Qc7 33. Nd6 Kb8 34. f4 Rh5 35. Nb5 Qe7 36. Qd6+ Qxd6 37. Nxd6 Bc6 38. e5 Bxa4 39. Kh2 1-0

[Event "RUS-ch Boys U21 2021"]
[Site "Loo"]
[Date "2021.04.27"]
[Round "7.11"]
[White "Marchenko, Nikolay"]
[Black "Babanin, Gleb"]
[Result "0-1"]
[ECO "D10"]
[WhiteElo "2062"]
[BlackElo "2123"]
[Annotator "NA"]
[PlyCount "114"]
[EventDate "2021.04.21"]
[EventType "swiss"]
[EventCountry "RUS"]
[SourceTitle "playchess.com"]
[Source "ChessBase"]
[SourceQuality "1"]
[TimeControl "40/5400+30:1800+30"]

1. d4 d5 2. c4 c6 3. Nc3 Nf6 4. e3 Bf5 5. cxd5 cxd5 6. Qb3 Nc6 7. Qxb7 Bd7 8. Qb3 Rb8 9. Qd1 e5 10. dxe5 Nxe5 11. Nf3 Nxf3+ 12. gxf3 Bd6 13. Bg2 O-O 14. O-O Qc7 15. f4 Rfd8 16. Qd3 Bc6 17. Bd2 d4 18. exd4 Bxg2 19. Kxg2 Bxf4 20. Bxf4 Qxf4 21. Qg3 Qf5 22. Qe5 Qg6+ 23. Qg3 Rxb2 24. Qxg6 hxg6 25. Rab1 Rc2 26. Rfc1 Rd2 27. Rd1 R8xd4 28. Rxd2 Rxd2 29. Rb8+ Kh7 30. Rb7 Rd3 31. Nb1 Rd7 32. Rxd7 Nxd7 33. Kf3 f5 34. Ke3 Kh6 35. Kd4 Kg5 36. Nd2 Kf4 37. Kd5 Nf6+ 38. Ke6 Ne4 39. Nxe4 fxe4 40. a4 g5 41. a5 a6 42. Kd5 Kf3 43. Ke5 g4 44. Kf5 g5 45. Ke5 Kxf2 46. Kxe4 g3 47. hxg3 Kxg3 48. Kd5 Kf4 49. Kc6 g4 50. Kb6 g3 51. Kxa6 g2 52. Kb7 g1=Q 53. a6 Qb1+ 54. Ka8 Qe4+ 55. Kb8 Qe5+ 56. Ka8 Qd5+ 57. Kb8 Qb5+ 0-1

[Event "RUS-ch Boys U21 2021"]
[Site "Loo"]
[Date "2021.04.27"]
[Round "7.12"]
[White "Shemyakin, Valeriy"]
[Black "Shpakov, Vladimir"]
[Result "1-0"]
[ECO "A07"]
[WhiteElo "2168"]
[BlackElo "1871"]
[Annotator "NA"]
[PlyCount "65"]
[EventDate "2021.04.21"]
[EventType "swiss"]
[EventCountry "RUS"]
[SourceTitle "playchess.com"]
[Source "ChessBase"]
[SourceQuality "1"]
[TimeControl "40/5400+30:1800+30"]

1. Nf3 d5 2. g3 Nf6 3. Bg2 c6 4. O-O Bg4 5. d4 e6 6. Ne5 Bf5 7. c4 Nbd7 8. Nc3 Nxe5 9. dxe5 Nd7 10. f4 Bc5+ 11. Kh1 h5 12. cxd5 exd5 13. e4 Bg4 14. Bf3 Bxf3+ 15. Qxf3 d4 16. Ne2 Qb6 17. Rd1 O-O-O 18. b3 Be7 19. Rxd4 h4 20. g4 Bc5 21. Rd3 g5 22. Bb2 Rhg8 23. Rad1 Qa5 24. a3 Bb6 25. b4 Qb5 26. fxg5 h3 27. Rxd7 Rxd7 28. Rxd7 Qc4 29. Rd2 Rxg5 30. Ng3 Qe6 31. Nf5 Kc7 32. Qxh3 Qc4 33. Qd3 1-0

[Event "RUS-ch Boys U21 2021"]
[Site "Loo"]
[Date "2021.04.28"]
[Round "8.8"]
[White "Zhafyarov, Adel"]
[Black "Obgolts, Erik"]
[Result "1/2-1/2"]
[ECO "A45"]
[WhiteElo "2252"]
[BlackElo "2414"]
[Annotator "RC"]
[PlyCount "91"]
[EventDate "2021.04.21"]
[EventType "swiss"]
[EventCountry "RUS"]
[SourceTitle "playchess.com"]
[Source "ChessBase"]
[SourceQuality "1"]
[TimeControl "40/5400+30:1800+30"]

1. d4 Nf6 2. Bf4 d5 3. e3 c5 4. c3 Nc6 5. Nd2 Bf5 6. Qb3 Qd7 7. Ngf3 c4 8. Qd1 e6 9. Ne5 Nxe5 10. Bxe5 Ne4 11. Nxe4 Bxe4 12. f3 Bg6 13. a4 f6 14. Bg3 a6 15. b3 cxb3 16. Qxb3 Bd6 17. c4 O-O 18. c5 Bxg3+ 19. hxg3 Qc7 20. Kf2 Be8 21. Bd3 g6 22. Rhb1 Bc6 23. Qb6 Qd7 24. Ra2 Rf7 25. Rab2 Re8 26. Bb5 axb5 27. axb5 e5 28. bxc6 bxc6 29. Qa6 Qe6 30. Rb8 Rfe7 31. Rxe8+ Rxe8 32. Qa4 Re7 33. g4 Kg7 34. Rb6 exd4 35. Qxd4 h6 36. Rb8 Qe5 37. Qxe5 fxe5 38. Rc8 Re6 39. Rc7+ Kf6 40. Rh7 Re7 41. Rh8 Kg7 42. Rd8 Kf6 43. g3 Kf7 44. Rc8 Re6 45. Rc7+ Ke8 46. Ke2 1/2-1/2

[Event "RUS-ch Boys U21 2021"]
[Site "Loo"]
[Date "2021.04.28"]
[Round "8.10"]
[White "Babanin, Gleb"]
[Black "Shemyakin, Valeriy"]
[Result "1-0"]
[ECO "A40"]
[WhiteElo "2123"]
[BlackElo "2168"]
[Annotator "RC"]
[PlyCount "59"]
[EventDate "2021.04.21"]
[EventType "swiss"]
[EventCountry "RUS"]
[SourceTitle "playchess.com"]
[Source "ChessBase"]
[SourceQuality "1"]
[TimeControl "40/5400+30:1800+30"]

1. d4 g6 2. c4 Bg7 3. Nf3 d6 4. Nc3 Nc6 5. d5 Nb8 6. e4 e5 7. Be2 f5 8. exf5 gxf5 9. Ng5 Nf6 10. Bh5+ Kf8 11. f4 h6 12. Ne6+ Bxe6 13. dxe6 Nc6 14. fxe5 dxe5 15. Nd5 Nxd5 16. cxd5 Qh4+ 17. g3 Qe4+ 18. Kf2 Nd4 19. Bf3 Qxf3+ 20. Qxf3 Nxf3 21. Kxf3 Ke8 22. Be3 Bf8 23. g4 f4 24. Bf2 Bd6 25. Ke4 c6 26. Rhd1 c5 27. Rac1 Rc8 28. b4 c4 29. Bc5 Bxc5 30. Rxc4 1-0